TOP OF THE 1ST |
Montgomery Biscuits batting - Pitching for BlackIron Dragons : RHP Juan Gutiérrez
|
Pitching: RHP Juan Gutiérrez
|
|
Batting: RHB Juan Díaz
|
0-0: Ball 1-0: Called Strike 1-1: Called Strike 1-2: Ground out 4-3 (Groundball, 4)
|
Batting: RHB Yujiro Kurihara
|
0-0: Ball 1-0: SOLO HOME RUN (Line Drive, 78XD), Distance : 414 ft
|
Batting: SHB Terry O'Farrell
|
0-0: DOUBLE (Line Drive, 9LS)
|
Batting: LHB José Martínez
|
0-0: Called Strike 0-1: Foul Ball, location: 2F 0-2: Ball 1-2: Foul Ball, location: 2F 1-2: Ground out 3-1 (Groundball, 34) Terry O'Farrell to third
|
Batting: RHB Pete Smith
|
0-0: SINGLE (Line Drive, 89M) Terry O'Farrell scores
|
Batting: LHB Curt Causton
|
0-0: Foul Ball, location: 2F 0-1: SINGLE (Groundball, 3L) Pete Smith to second Runner from 2nd tries for 3rd, SAFE, throw made to third
|
Batting: LHB Brian MacIntosh
|
0-0: Ball 1-0: Swinging Strike 1-1: Ground out 2-3 (Groundball, 2L)
|
Top of the 1st over - 2 run(s), 4 hit(s), 0 error(s), 2 left on base; Montgomery 2 - BlackIron 0 |
BOTTOM OF THE 1ST |
BlackIron Dragons batting - Pitching for Montgomery Biscuits : RHP Ken Lyons
|
Pitching: RHP Ken Lyons
|
|
Batting: LHB Donnie Cunningham
|
0-0: Called Strike 0-1: Swinging Strike 0-2: Ball 1-2: Ball 2-2: Strikes out swinging
|
Batting: RHB Boyd Pittman
|
0-0: Called Strike 0-1: Foul Ball, location: 2F 0-2: Ball 1-2: Ball 2-2: Ball 3-2: Fly out, F8 (Flyball, 8RM)
|
Batting: RHB Jesús Cruz
|
0-0: Called Strike 0-1: Foul Ball, location: 2F 0-2: SINGLE (Groundball, 6MD)
|
Batting: RHB Doug O'Brien
|
0-0: Ball Jesús Cruz steals 2nd base 1-0: Ball 2-0: Ball Wild Pitch! Jesús Cruz to third 3-0: Base on Balls
|
Batting: RHB Frank Maxwell
|
0-0: Ball 1-0: Swinging Strike 1-1: Called Strike 1-2: Strikes out looking
|
Bottom of the 1st over - 0 run(s), 1 hit(s), 0 error(s), 2 left on base; Montgomery 2 - BlackIron 0 |
TOP OF THE 2ND |
Montgomery Biscuits batting - Pitching for BlackIron Dragons : RHP Juan Gutiérrez
|
Batting: RHB Carlos Vásquez
|
0-0: Called Strike 0-1: Ball 1-1: Foul Ball, location: 2F 1-2: Strikes out swinging
|
Batting: RHB Dave Williams
|
0-0: Called Strike 0-1: Foul Ball, location: 2F 0-2: Ball 1-2: Foul Ball, location: 2F 1-2: SINGLE (Flyball, 8RS)
|
Batting: RHB Juan Díaz
|
0-0: Ball 1-0: Ball 2-0: Fly out, F3 (Popup, 34)
|
Batting: RHB Yujiro Kurihara
|
0-0: Ball Dave Williams steals 2nd base 1-0: Ball 2-0: Called Strike 2-1: Foul Ball, location: 2F 2-2: Ball 3-2: Foul Ball, location: 2F 3-2: Ground out 4-3 (Groundball, 4M)
|
Top of the 2nd over - 0 run(s), 1 hit(s), 0 error(s), 1 left on base; Montgomery 2 - BlackIron 0 |
BOTTOM OF THE 2ND |
BlackIron Dragons batting - Pitching for Montgomery Biscuits : RHP Ken Lyons
|
Batting: RHB Preston MacLyan
|
0-0: Called Strike 0-1: Ball 1-1: SINGLE (Groundball, 4MD)
|
Batting: LHB Culley Vaughan
|
0-0: Ball 1-0: Ball 2-0: Foul Ball, location: 2F 2-1: SINGLE (Line Drive, 9S) Preston MacLyan to second Runner from 2nd tries for 3rd, OUT! Culley Vaughan to second
|
Now at 3B: Raúl Alejándrez
|
|
Batting: LHB Pedro Rodríguez
|
0-0: Foul Ball, location: 2F 0-1: Ball 1-1: Called Strike 1-2: Foul Ball, location: 2F 1-2: Strikes out swinging
|
Batting: RHB Eugene Payne
|
0-0: Ball 1-0: Ground out 4-3 (Groundball, 4)
|
Bottom of the 2nd over - 0 run(s), 2 hit(s), 0 error(s), 1 left on base; Montgomery 2 - BlackIron 0 |
TOP OF THE 3RD |
Montgomery Biscuits batting - Pitching for BlackIron Dragons : RHP Juan Gutiérrez
|
Batting: SHB Terry O'Farrell
|
0-0: Ball 1-0: Called Strike 1-1: Swinging Strike 1-2: Foul Ball, location: 2F 1-2: Ball 2-2: Ball 3-2: Base on Balls
|
Batting: RHB Raúl Alejándrez
|
0-0: Ball 1-0: Called Strike 1-1: Grounds into double play, 3-6-1 (Groundball, 3)
|
Batting: RHB Pete Smith
|
0-0: Ball 1-0: DOUBLE (Line Drive, 89D)
|
Batting: LHB Curt Causton
|
0-0: Ball 1-0: Fly out, F5 (Popup, 5F)
|
Top of the 3rd over - 0 run(s), 1 hit(s), 0 error(s), 1 left on base; Montgomery 2 - BlackIron 0 |
BOTTOM OF THE 3RD |
BlackIron Dragons batting - Pitching for Montgomery Biscuits : RHP Ken Lyons
|
Batting: LHB Donnie Cunningham
|
0-0: Ground out 6-3 (Groundball, 6)
|
Batting: RHB Boyd Pittman
|
0-0: Ball 1-0: Ball 2-0: SINGLE (Line Drive, 9S)
|
Batting: RHB Jesús Cruz
|
0-0: Ball Boyd Pittman steals 2nd base 1-0: Fly out, F7 (Line Drive, 7M)
|
Batting: RHB Doug O'Brien
|
0-0: Ball 1-0: Ball 2-0: 2-RUN HOME RUN (Flyball, 7D), Distance : 402 ft
|
Batting: RHB Frank Maxwell
|
0-0: Ball 1-0: Swinging Strike 1-1: Foul Ball, location: 2F 1-2: SINGLE (Groundball, 4MD)
|
Batting: RHB Preston MacLyan
|
0-0: Ball 1-0: Ball 2-0: Ball 3-0: Called Strike 3-1: Foul Ball, location: 2F 3-2: Strikes out looking
|
Bottom of the 3rd over - 2 run(s), 3 hit(s), 0 error(s), 1 left on base; Montgomery 2 - BlackIron 2 |
TOP OF THE 4TH |
Montgomery Biscuits batting - Pitching for BlackIron Dragons : RHP Juan Gutiérrez
|
Batting: LHB Brian MacIntosh
|
0-0: Ball 1-0: Ball 2-0: Called Strike 2-1: Ball 3-1: Foul Ball, location: 2F 3-2: Strikes out swinging
|
Batting: RHB Carlos Vásquez
|
0-0: Swinging Strike 0-1: Called Strike 0-2: Ball 1-2: Ball 2-2: Strikes out swinging
|
Batting: RHB Dave Williams
|
0-0: Called Strike 0-1: Foul Ball, location: 2F 0-2: Ball 1-2: Strikes out swinging
|
Top of the 4th over - 0 run(s), 0 hit(s), 0 error(s), 0 left on base; Montgomery 2 - BlackIron 2 |
BOTTOM OF THE 4TH |
BlackIron Dragons batting - Pitching for Montgomery Biscuits : RHP Ken Lyons
|
Batting: LHB Culley Vaughan
|
0-0: Called Strike 0-1: SINGLE (Line Drive, 89S)
|
Batting: LHB Pedro Rodríguez
|
0-0: Ball 1-0: Foul Ball, location: 2F 1-1: Ball 2-1: SINGLE (Line Drive, 6D) Culley Vaughan to second
|
Batting: RHB Eugene Payne
|
0-0: Foul Ball, location: 2F 0-1: Foul Ball, location: 2F 0-2: Fielders Choice at 2nd, 6-4 (Groundball, 6M) Culley Vaughan to third
|
Batting: LHB Donnie Cunningham
|
0-0: Ball Eugene Payne steals 2nd base 1-0: Called Strike 1-1: Ground out 4-3 (Groundball, 4M) Culley Vaughan scores Eugene Payne to third
|
Batting: RHB Boyd Pittman
|
0-0: Called Strike 0-1: Ball 1-1: Ball 2-1: Foul Ball, location: 2F 2-2: Strikes out looking
|
Bottom of the 4th over - 1 run(s), 2 hit(s), 0 error(s), 1 left on base; Montgomery 2 - BlackIron 3 |
TOP OF THE 5TH |
Montgomery Biscuits batting - Pitching for BlackIron Dragons : RHP Juan Gutiérrez
|
Batting: RHB Juan Díaz
|
0-0: Fly out, F1 (Line Drive, 13)
|
Batting: RHB Yujiro Kurihara
|
0-0: Called Strike 0-1: Swinging Strike 0-2: Ball 1-2: Ball 2-2: Ball 3-2: SINGLE (Groundball, 6MD)
|
Batting: SHB Terry O'Farrell
|
0-0: Foul Ball, location: 2F 0-1: Grounds into double play, 5-4-3 (Groundball, 56)
|
Top of the 5th over - 0 run(s), 1 hit(s), 0 error(s), 0 left on base; Montgomery 2 - BlackIron 3 |
BOTTOM OF THE 5TH |
BlackIron Dragons batting - Pitching for Montgomery Biscuits : RHP Ken Lyons
|
Batting: RHB Jesús Cruz
|
0-0: Ball 1-0: SINGLE (Flyball, 4D)
|
Batting: RHB Doug O'Brien
|
0-0: Ball 1-0: Grounds into double play, 4-6-3 (Groundball, 34)
|
Batting: RHB Frank Maxwell
|
0-0: Ball 1-0: Called Strike 1-1: Foul Ball, location: 2F 1-2: Ground out 4-3 (Groundball, 4)
|
Bottom of the 5th over - 0 run(s), 1 hit(s), 0 error(s), 0 left on base; Montgomery 2 - BlackIron 3 |
TOP OF THE 6TH |
Montgomery Biscuits batting - Pitching for BlackIron Dragons : RHP Juan Gutiérrez
|
Batting: RHB Raúl Alejándrez
|
0-0: Called Strike 0-1: Foul Ball, location: 2F 0-2: Strikes out swinging
|
Batting: RHB Pete Smith
|
0-0: Called Strike 0-1: Ball 1-1: Ball 2-1: Ball 3-1: Ground out 6-3 (Groundball, 6)
|
Batting: LHB Curt Causton
|
0-0: Ground out U3 (Groundball, 3S)
|
Top of the 6th over - 0 run(s), 0 hit(s), 0 error(s), 0 left on base; Montgomery 2 - BlackIron 3 |
BOTTOM OF THE 6TH |
BlackIron Dragons batting - Pitching for Montgomery Biscuits : RHP Ken Lyons
|
Batting: RHB Preston MacLyan
|
0-0: Swinging Strike 0-1: Swinging Strike 0-2: Foul Ball, location: 2F 0-2: Ball 1-2: Reached on Error, E6 (Popup, 6D)
|
Batting: LHB Culley Vaughan
|
0-0: Grounds into double play, 4-6-3 (Groundball, 4)
|
Batting: LHB Pedro Rodríguez
|
0-0: Ball 1-0: Ball 2-0: Ground out 6-3 (Groundball, 6M)
|
Bottom of the 6th over - 0 run(s), 0 hit(s), 1 error(s), 0 left on base; Montgomery 2 - BlackIron 3 |
TOP OF THE 7TH |
Montgomery Biscuits batting - Pitching for BlackIron Dragons : RHP Juan Gutiérrez
|
Batting: LHB Brian MacIntosh
|
0-0: Called Strike 0-1: Ball 1-1: DOUBLE (Flyball, 8LXD)
|
Pinch Hitting: RHB Warren Martin
|
0-0: Called Strike 0-1: Ball 1-1: Ball 2-1: Bunted foul 2-2: Ball 3-2: Foul Ball, location: 2F 3-2: Fly out, F8 (Line Drive, 8LD)
|
Pinch Hitting: LHB Curt Walker
|
0-0: Ball 1-0: Ball 2-0: Called Strike 2-1: Ball 3-1: Swinging Strike 3-2: Strikes out looking
|
Pitching: RHP Julián Romero
|
|
Batting: RHB Juan Díaz
|
0-0: Reached on error, E4 (Groundball, 4) Brian MacIntosh to third
|
Batting: RHB Yujiro Kurihara
|
0-0: Ball 1-0: Ball 2-0: Ball 3-0: Called Strike 3-1: Foul Ball, location: 2F 3-2: Strikes out swinging
|
Top of the 7th over - 0 run(s), 1 hit(s), 1 error(s), 2 left on base; Montgomery 2 - BlackIron 3 |
BOTTOM OF THE 7TH |
BlackIron Dragons batting - Pitching for Montgomery Biscuits : RHP Ken Lyons
|
Now at 2B: Roy Ayers
|
|
Now at SS: Curt Walker
|
|
Batting: RHB Eugene Payne
|
0-0: Ball 1-0: Ground out 4-3 (Groundball, 4)
|
Batting: LHB Donnie Cunningham
|
0-0: Ball 1-0: SINGLE (Line Drive, 8RS)
|
Batting: RHB Boyd Pittman
|
0-0: Foul Ball, location: 2F 0-1: Ball 1-1: Ball 2-1: Foul Ball, location: 2F 2-2: Strikes out swinging
|
Pitching: RHP Rick Grant
|
|
Batting: RHB Jesús Cruz
|
0-0: Ball 1-0: Called Strike 1-1: SINGLE (Line Drive, 34D) Donnie Cunningham to second
|
Batting: RHB Doug O'Brien
|
0-0: Called Strike 0-1: Ball 1-1: SINGLE (Groundball, 4M) Donnie Cunningham to third Jesús Cruz to second Runner from 3rd tries for Home, SAFE, throw made at trailing runner, SAFE at third!
|
Batting: RHB Frank Maxwell
|
0-0: Called Strike 0-1: Foul Ball, location: 2F 0-2: Ball 1-2: Foul Ball, location: 2F 1-2: Foul Ball, location: 2F 1-2: Foul Ball, location: 2F 1-2: Ball 2-2: TRIPLE (Line Drive, 8LXD) Jesús Cruz scores Doug O'Brien scores
|
Batting: RHB Preston MacLyan
|
0-0: Ball 1-0: Ball 2-0: Reached on Error, E6 (Popup, 6D) Frank Maxwell scores
|
Batting: LHB Culley Vaughan
|
0-0: Called Strike Preston MacLyan steals 2nd base 0-1: Fly out, F8 (Flyball, 8LM)
|
Bottom of the 7th over - 4 run(s), 4 hit(s), 1 error(s), 1 left on base; Montgomery 2 - BlackIron 7 |
TOP OF THE 8TH |
Montgomery Biscuits batting - Pitching for BlackIron Dragons : RHP Julián Romero
|
Batting: SHB Terry O'Farrell
|
0-0: Swinging Strike 0-1: Called Strike 0-2: Ball 1-2: Foul Ball, location: 2F 1-2: Strikes out swinging
|
Batting: RHB Raúl Alejándrez
|
0-0: Ball 1-0: Called Strike 1-1: Called Strike 1-2: Ball 2-2: Ball 3-2: Foul Ball, location: 2F 3-2: Base on Balls
|
Batting: RHB Pete Smith
|
0-0: Ball 1-0: Foul Ball, location: 2F 1-1: Swinging Strike 1-2: Foul Ball, location: 2F 1-2: Strikes out swinging
|
Batting: LHB Curt Causton
|
0-0: Called Strike 0-1: Swinging Strike 0-2: Ground out 4-3 (Groundball, 4)
|
Top of the 8th over - 0 run(s), 0 hit(s), 0 error(s), 1 left on base; Montgomery 2 - BlackIron 7 |
BOTTOM OF THE 8TH |
BlackIron Dragons batting - Pitching for Montgomery Biscuits : RHP Rick Grant
|
Batting: LHB Pedro Rodríguez
|
0-0: Ball 1-0: SINGLE (Groundball, 5D)
|
Batting: RHB Eugene Payne
|
0-0: Called Strike 0-1: Sac Bunt - play at first, batter OUT! 5-4 Pedro Rodríguez to second
|
Batting: LHB Donnie Cunningham
|
0-0: Called Strike 0-1: Ball 1-1: Ground out 6-3 (Groundball, 6)
|
Batting: RHB Boyd Pittman
|
0-0: Ball 1-0: Ball 2-0: Ball 3-0: Base on Balls
|
Batting: RHB Jesús Cruz
|
0-0: Foul Ball, location: 2F 0-1: Called Strike 0-2: Ball 1-2: Ball 2-2: Strikes out swinging
|
Bottom of the 8th over - 0 run(s), 1 hit(s), 0 error(s), 2 left on base; Montgomery 2 - BlackIron 7 |
TOP OF THE 9TH |
Montgomery Biscuits batting - Pitching for BlackIron Dragons : RHP Julián Romero
|
Batting: LHB Brian MacIntosh
|
0-0: Called Strike 0-1: Fly out, F2 (Popup, 2LF)
|
Batting: RHB Roy Ayers
|
0-0: Called Strike 0-1: Ball 1-1: Fly out, F3 (Popup, 3F)
|
Batting: LHB Curt Walker
|
0-0: Ball 1-0: Called Strike 1-1: Called Strike 1-2: Ground out U3 (Groundball, 3S)
|
Top of the 9th over - 0 run(s), 0 hit(s), 0 error(s), 0 left on base; Montgomery 2 - BlackIron 7 |
|